AoeStats
← kimbo

Hill Fort

505753768Analyzed
2v2 RM · 22d ago on Sep 10, 2026· 25m 46s· 4 players
Game mode
Random Map
Map size
Medium (4 player)
Population
200
Speed
Normal
Resources
Standard
Victory
Conquest
Starting age
Dark Age
Ending age
Imperial Age
RankedLock teamsTeams togetherTeam positionsShared explorationLock speedFull tech treeHidden civsTurbo modeCheats
Victory
Defeat
🇺🇸 Italians · United States
1321
+16
🇺🇸 Khitans · United States
1320
+16
🇦🇷 Tupi · Argentina
1331
-16
🇦🇷 Franks · Argentina
1328
-16
Rothius
6:41 Loom
9:18 Feudal Age
10:20 Double-Bit Axe
13:08 Fletching
15:00 Padded Archer Armor
15:47 Loom
22:39 Castle Age
20:59 Horse Collar
21:13 Gold Mining
23:12 Wheelbarrow
22:23 Town Watch
22:58 Stone Mining
23:32 Bodkin Arrow
23:18 Crossbowman
25:44 Leather Archer Armor
AoE2 SMURF POLICE
2:18 Loom
5:13 Loom
9:42 Feudal Age
10:22 Double-Bit Axe
13:33 Forging
13:33 Town Watch
20:14 Castle Age
18:55 Scale Barding Armor
21:37 Iron Casting
21:28 Domestication
24:05 Chain Barding Armor
25:08 Husbandry
26:06 Bow Saw
Pingocho
11:05 Feudal Age
12:13 Double-Bit Axe
14:54 Castle Age
15:09 Scale Barding Armor
16:20 Loom
18:34 Chain Barding Armor
kimbo
9:57 Feudal Age
14:07 Castle Age
15:27 Loom
22:49 Fletching
Connection lost

Rejoining the realm…

Still unreachable

The connection could not be restored.

Session expired

The server has moved on; the page needs a fresh start.